 Dungeon Crawl Stone Soup version 0.25-a0-589-g1e14c549ee (webtiles) character file.

Game seed: 6555172350672374433, levelgen mode: deterministic

62474 An17 the Imperceptible (level 14, -16/54 HPs)
             Began as a Felid Enchanter on Mar 12, 2020.
             Was the Champion of Dithmenos.
             Demolished by an emperor scorpion (18 damage)
             ... on level 3 of the Spider Nest.
             The game lasted 02:11:32 (31777 turns).

An17 the Imperceptible (Felid Enchanter)           Turns: 31777, Time: 02:11:33

Health: -16/54     AC:  3    Str:  9    XL:     14   Next: 64%
Magic:  0/30       EV: 28    Int: 19    God:    Dithmenos [******]
Gold:   1080       SH:  0    Dex: 19    Spells: 5/36 levels left
                                        Lives:  0   Deaths: 4

rFire    . . .     SeeInvis +     - Unarmed
rCold    + . .     Gourm    .   (shield unavailable)
rNeg     . . .     Faith    .   (armour unavailable)
rPois    .         Spirit   +   (helmet unavailable)
rElec    .         Reflect  .   (cloak unavailable)
rCorr    .         Harm     .   (gloves unavailable)
MR       ++...                  (boots unavailable)
Stlth    ++++++++++             i - amulet of guardian spirit
HPRegen  0.18/turn              g - +4 ring of evasion
MPRegen  0.22/turn              v - ring of the Skies Above {Str+5 Stlth+}

@: lethally poisoned (-16 -> -92), wreathed by umbra, quick
A: very small, no armour, no weapons or thrown items, stealth, claws 1, fangs 3,
see invisible, carnivore, speed 1, shaggy fur 3, slow metabolism 1, sharp paws
a: Shadow Step, Shadow Form, Renounce Religion


You were on level 3 of the Spider Nest.
You worshipped Dithmenos.
Dithmenos was exalted by your worship.
You were hungry.

You visited 5 branches of the dungeon, and saw 27 of its levels.

You collected 2729 gold pieces.
You spent 1649 gold pieces at shops.

Inventory:

Jewellery
 g - a +4 ring of evasion (left paw)
 h - a +4 ring of strength
 i - an amulet of guardian spirit (around neck)
 q - an uncursed ring of wizardry
 v - the ring of the Skies Above (right paw) {Str+5 Stlth+}
   (You acquired it on level 10 of the Dungeon)

   [ring of stealth]

   It affects your strength (+5).
   It makes you more stealthy.
 w - the amulet "Xihotru" {Faith rN+ Dex+4}
   (You acquired it on level 9 of the Dungeon)

   [amulet of faith]

   It allows you to gain divine favour quickly.
   It affects your dexterity (+4).
   It protects you from negative energy.
 M - an uncursed amulet of magic regeneration
 N - a +3 ring of slaying
 P - an uncursed ring of positive energy
Wands
 j - a wand of acid (3)
 p - a wand of flame (58)
 u - a wand of disintegration (23)
 x - a wand of paralysis (25)
 y - a wand of random effects (96)
 z - a wand of iceblast (10)
 C - a wand of polymorph (6)
 G - a wand of digging (8)
Scrolls
 d - 19 scrolls of remove curse
 f - 2 scrolls of magic mapping
 k - 5 scrolls of identify
 l - 2 scrolls of blinking
 o - 9 scrolls of teleportation
 B - 3 scrolls of fog
 L - a scroll of vulnerability
 O - 2 scrolls of fear
Potions
 a - 4 potions of lignification
 c - 4 potions of haste
 e - 8 potions of curing
 m - 4 potions of mutation
 n - 2 potions of magic
 s - 6 potions of brilliance
 t - 2 potions of flight
 A - 6 potions of stabbing
 E - 3 potions of ambrosia
 F - 2 potions of resistance
 H - 5 potions of might
 K - 3 potions of heal wounds
Miscellaneous
 D - a lightning rod (4/4)
 I - a box of beasts
 J - a crystal ball of energy
Comestibles
 b - 48 rations


   Skills:
 + Level 2.7 Fighting
 + Level 7.8 Dodging
 + Level 21.7 Stealth
 + Level 12.2 Unarmed Combat
 + Level 11.6 Spellcasting
 + Level 15.2 Hexes
 + Level 2.6 Summonings
 + Level 8.4 Ice Magic
 + Level 0.4 Invocations


You had 5 spell levels left.
You knew the following spells:

 Your Spells              Type           Power        Failure   Level  Hunger
a - Tukima's Dance        Hex            ######..     1%          3    None
b - Ensorcelled Hibernat  Hex/Ice        ######       1%          2    None
c - Confusing Touch       Hex            ######..     1%          3    None
d - Ice Form              Ice/Tmut       ####....     11%         4    ##.....
e - Cause Fear            Hex            ######....   1%          4    ##.....
f - Leda's Liquefaction   Hex/Erth       #####.....   2%          4    ##.....
h - Summon Mana Viper     Hex/Summ       #####...     4%          5    ####...
i - Darkness              Hex            ######....   1%          6    ######.

Your spell library contained the following spells:

 Spells                   Type           Power        Failure   Level  Hunger
 Corona                   Hex            ######.      0%          1    None
 Slow                     Hex            ######..     1%          2    None
 Dazzling Flash           Conj/Hex       #####.       1%          3    None
 Frozen Ramparts          Ice            #####.       1%          3    None
 Inner Flame              Hex/Fire       #####...     1%          3    None
 Summon Butterflies       Summ           ###.....     2%          1    None
 Summon Small Mammal      Summ           ###.         2%          1    None
 Ozocubu's Armour         Chrm/Ice       ####....     3%          3    None
 Animate Skeleton         Necr           N/A          6%          1    None
 Apportation              Tloc           ##....       6%          1    None
 Infusion                 Chrm           ##..         6%          1    None
 Call Canine Familiar     Summ           ###.....     6%          3    None
 Summon Ice Beast         Ice/Summ       ####....     6%          4    ##.....
 Silence                  Hex/Air        #####.....   8%          5    ####...
 Passwall                 Tmut/Erth      ##......     10%         2    None
 Poisonous Vapours        Pois/Air       ##....       10%         2    None
 Shroud of Golubria       Chrm/Tloc      ##....       10%         2    None
 Song of Slaying          Chrm           ##......     10%         2    None
 Swiftness                Chrm/Air       ##......     10%         2    None
 Recall                   Summ/Tloc      N/A          11%         3    None
 Conjure Flame            Conj/Fire      ##......     19%         3    None
 Mephitic Cloud           Conj/Pois/Air  ##......     19%         3    None
 Animate Dead             Necr           N/A          52%         4    ##.....
 Passage of Golubria      Tloc           N/A          52%         4    ##.....
 Borgnjor's Vile Clutch   Necr/Erth      ##........   86%         5    ####...
 Lee's Rapid Deconstruct  Erth           ##........   86%         5    ####...
 Invisibility             Hex            ######..     1%          6    ######.
 Ozocubu's Refrigeration  Ice            #####.....   30%         6    ######.
 Simulacrum               Ice/Necr       ####......   86%         6    ######.
 Freezing Cloud           Conj/Ice/Air   ###.......   96%         6    ######.
 Shadow Creatures         Summ           N/A          97%         6    ######.
 Death Channel            Necr           ##........   100%        6    ######.
 Ring of Flames           Chrm/Fire      ##........   100%        7    #######
 Summon Hydra             Summ           ###.......   100%        7    #######
 Portal Projectile        Hex/Tloc       Unusable     N/A         3    N/A
 Spectral Weapon          Hex/Chrm       Unusable     N/A         3    N/A

Dungeon Overview and Level Annotations

Branches:
Dungeon (15/15)            Temple (1/1) D:7            Lair (6/6) D:11
 Shoals (0/4) Lair:2       Spider (3/4) Lair:3        Slime (0/5) Lair:6
    Orc (2/2) D:12            Elf (0/3) Orc:2        Vaults (0/5) D:14
 Depths (0/5) D:15

Altars:
Cheibriados
Dithmenos
Elyvilon
Fedhas
Gozag
Kikubaaqudgha
Makhleb
Qazlal
Ru
Sif Muna
Trog
Wu Jian
Yredelemnul
The Shining One

Shops:
D:6 ?   D:8 *   D:13 *   Orc:2 [:?*

Portals:
Pandemonium: Orc:2
Ice
Cave: Spider:1

Annotations:
D:4 3 runed translucent doors, Conn's ghost, amateur OpWz


Innate Abilities, Weirdness & Mutations

You cannot wear armour.
You are incapable of wielding weapons or throwing items.
Your paws allow you to move quietly. (Stealth)
You have sharp claws.
You have razor-sharp teeth.
You have supernaturally acute eyesight. (SInv)
You are carnivorous and can eat meat at any time.
You cover ground quickly.
Your thick and shaggy fur keeps you warm. (AC +3, rC+)
You have a slow metabolism.
Your sharp claws are effective at attacking unaware monsters.


Message History

The tarantella completely misses you.
The entropy weaver closely misses you. x2
The entropy weaver barely misses you. x2; The redback completely misses you.
The emperor scorpion completely misses you. x2
The emperor scorpion misses you. The demonic crawler misses you.
The demonic crawler completely misses you. x2
There is a stone staircase leading up, spattered with blood here.
You feel very sick. The redback bites you.
You are lethally poisoned!
The redback poisons you! The tarantella closely misses you.
The redback completely misses you. The entropy weaver hits you! x2
* * * LOW HITPOINT WARNING * * *
The entropy weaver misses you. The entropy weaver hits you!
* * * LOW HITPOINT WARNING * * *
The redback barely misses you.
The demonic crawler hits you but does no damage.
The demonic crawler misses you.
The demonic crawler completely misses you.
The tarantella completely misses you. The emperor scorpion stings you!!
You die...

...# ##............# ...#
##............# #.##
#^#.#..##.....# ###
##..^^........#
#............#
##.#.....^...#
#####.........#
#..sas........# .
#s.s@s.......^#
...####...s........#
......#...†........#
......^..s.s...^...#
...................#
.........s.........#
^.........................#
..........................#
..^.......................#


You could see an emperor scorpion, an entropy weaver, a demonic crawler, 2 orb
spiders, a tarantella and 4 redbacks.

Vanquished Creatures
  Saint Roka (Orc:1)
  Kirke (Spider:2)
  A ghost moth (Spider:1)
  A dire elephant (D:15)
  An entropy weaver (Spider:2)
  Nessos (Orc:2)
  12 hydras
  2 centaur warriors (D:13)
  2 death knights
  2 two-headed ogres
  An ogre mage (D:14)
  4 orc high priests (Orc:2)
  Sonja (D:10)
  A torturous demonspawn (Orc:2)
  A lindwurm (Lair:6)
  A deep elf mage (D:13)
  5 orb spiders
  5 wolf spiders
  5 orc knights
  15 ugly things
  6 orc sorcerers (Orc:2)
  A salamander (D:15)
  5 cyclopes
  9 elephants
  3 manticores
  4 black mambas
  A gargoyle (D:13)
  6 spiny frogs
  2 rime drakes
  6 komodo dragons
  6 demonic crawlers
  2 kobold demonologists (D:14)
  5 yaktaurs (D:14)
  3 meliai (D:15)
  7 jumping spiders
  A red devil (Orc:2)
  6 trolls
  A hornet (Spider:2)
  2 harpy skeletons
  3 polar bears (Lair:6)
  22 blink frogs
  11 hippogriffs
  23 slime creatures
  2 dream sheep (D:11)
  Sigmund (D:4)
  2 centaur simulacra (D:14)
  18 redbacks
  A shadow (D:12)
  14 tarantellas
  3 wraiths
  3 wyverns
  23 yaks
  3 basilisks
  2 hungry ghosts
  6 vampire mosquitoes (D:13)
  A chaos spawn (Orc:2)
  2 wargs
  3 soldier ants
  9 water moccasins
  4 porcupines
  23 orc warriors
  4 ice beasts
  4 sky beasts
  A phantom (D:11)
  A hornet zombie (D:9)
  12 ogres
  9 wolves
  2 boggarts (D:15)
  13 centaurs
  14 crocodiles
  6 big kobolds
  19 bullfrogs
  7 scorpions
  8 killer bees
  12 wights
  3 electric eels
  4 howler monkeys
  9 crimson imps
  2 bullfrog zombies
  10 hounds
  22 orc priests
  3 jellies
  4 centaur skeletons
  17 orc wizards
  12 worker ants
  6 iguanas
  A killer bee zombie (D:7)
  A hound zombie (D:8)
  A hound skeleton (D:11)
  Robin (D:3)
  4 gnolls (D:5)
  8 adders
  7 shadow imps
  2 oozes
  2 adder zombies
  2 adder skeletons
  4 worms
  9 leopard geckos
  75 orcs
  13 bats
  8 giant cockroaches
  18 goblins
  7 hobgoblins
  11 jackals
  18 kobolds
  4 quokkas
  A ball python (D:1)
  7 frilled lizards
  8 rats
734 creatures vanquished.

Vanquished Creatures (collateral kills)
  Jorgrun (D:15)
  Josephine (D:14)
  A two-headed ogre (D:8)
  A soul eater (Orc:2)
  A sun demon (Orc:2)
  A gelid demonspawn (Orc:2)
  A torturous demonspawn (Orc:2)
  2 ugly things (D:14)
  An orc sorcerer (Orc:2)
  A rust devil (Orc:2)
  A centaur skeleton (D:13)
  2 trolls (Orc:2)
  A slime creature (D:15)
  A redback (Spider:3)
  3 wraiths (D:14)
  4 yaks (D:13)
  A warg (Orc:2)
  4 orc warriors (Orc:2)
  2 ogres
  A boggart (D:15)
  7 wights
  A hound (D:14)
  2 orc priests (Orc:2)
  2 orc wizards (Orc:2)
  10 orcs (Orc:2)
53 creatures vanquished.

Vanquished Creatures (others)
  6 dancing weapons
  2 humans (Spider:2)
  An ogre (D:9)
  An orc wizard (D:14)
  2 fungi (Lair:5)
  3 plants
15 creatures vanquished.

Grand Total: 802 creatures vanquished

Notes
Turn   | Place    | Note
-------+----------+-------------------------------------------
     0 | D:1      | An17 the Felid Enchanter began the quest for the Orb.
     0 | D:1      | Reached XP level 1. HP: 7/7 MP: 4/4
   248 | D:1      | Reached XP level 2. HP: 7/11 MP: 4/6
   303 | D:1      | Learned a level 2 spell: Ensorcelled Hibernation
   833 | D:2      | Reached skill level 5 in Hexes
   844 | D:2      | Reached XP level 3. HP: 14/14 MP: 4/7
  1113 | D:1      | Learned a level 3 spell: Confusing Touch
  1297 | D:2      | Reached skill level 5 in Stealth
  1297 | D:2      | Reached XP level 4. HP: 15/18 MP: 4/8
  1887 | D:2      | Reached skill level 6 in Stealth
  2244 | D:3      | Found a stormy altar of Qazlal.
  2484 | D:3      | Reached skill level 1 in Ice Magic
  2549 | D:3      | Reached XP level 5. HP: 21/21 MP: 3/9
  2584 | D:3      | Noticed Robin
  2662 | D:3      | Killed Robin
  2675 | D:3      | Killed from afar by a kobold
  2676 | D:3      | Reached XP level 4. HP: -2/18 MP: 0/8
  3114 | D:4      | Noticed Sigmund
  3117 | D:4      | Found a burning altar of Makhleb.
  3118 | D:4      | Found a snail-covered altar of Cheibriados.
  3127 | D:4      | Killed Sigmund
  3127 | D:4      | Reached XP level 5. HP: 17/21 MP: 1/10
  3128 | D:4      | Noticed an ice beast
  3131 | D:4      | Gained mutation: You are covered in thick fur. (AC +2)
                  | [Felid growth]
  3131 | D:4      | Reached XP level 6. HP: 20/24 MP: 2/11
  3329 | D:4      | Killed an ice beast
  3329 | D:4      | Reached skill level 7 in Stealth
  3671 | D:4      | Found a runed translucent gate.
  3671 | D:4      | Found a runed translucent gate.
  3671 | D:4      | Found a runed translucent gate.
  3674 | D:4      | Noticed Conn's ghost (amateur OpWz)
  3777 | D:4      | Reached XP level 7. HP: 27/27 MP: 8/12
  3966 | D:5      | Entered Level 5 of the Dungeon
  3988 | D:5      | Reached skill level 8 in Stealth
  4950 | D:4      | Learned a level 3 spell: Tukima's Dance
  5024 | D:5      | Reached XP level 8. HP: 23/31 MP: 2/14
  5433 | D:6      | Found Xaowy's Magic Scroll Emporium.
  5438 | D:6      | Bought a scroll of blinking for 97 gold pieces
  5618 | D:6      | Reached skill level 9 in Stealth
  5658 | D:6      | Reached skill level 5 in Unarmed Combat
  5922 | D:7      | Reached skill level 10 in Stealth
  6022 | D:7      | Reached XP level 9. HP: 26/34 MP: 1/16
  6037 | D:7      | Learned a level 3 spell: Dazzling Flash
  6046 | D:7      | Found a staircase to the Ecumenical Temple.
  6069 | Temple   | Entered the Ecumenical Temple
  6137 | Temple   | Became a worshipper of Dithmenos the Shadowed
  6724 | D:7      | Reached skill level 5 in Spellcasting
  6820 | D:8      | Reached skill level 11 in Stealth
  6909 | D:8      | Reached * piety under Dithmenos
  7209 | D:8      | Found an opulent altar of Gozag.
  7371 | D:8      | Found an ancient bone altar of Kikubaaqudgha.
  7599 | D:8      | Reached skill level 5 in Dodging
  7691 | D:8      | Reached skill level 1 in Fighting
  7835 | D:8      | Reached skill level 12 in Stealth
  7855 | D:8      | Noticed a two-headed ogre
  7861 | D:8      | Found Vexunaer's Assorted Antiques.
  7898 | D:8      | Slain by a two-headed ogre
  7899 | D:8      | Reached XP level 8. HP: 0/32 MP: 0/17
  7901 | D:8      | Killed a two-headed ogre
  7901 | D:8      | Reached XP level 9. HP: 35/35 MP: 17/19
  8099 | D:9      | Reached ** piety under Dithmenos
  8220 | D:9      | You fall into a shaft and drop 3 floors!
  8253 | D:12     | Identified a scroll of acquirement
  8253 | D:12     | Identified the amulet of Agnosticism {Faith rC+ Str+3 Int+7
                  | Stlth-} (You acquired it on level 12 of the Dungeon)
  8260 | D:12     | Learned a level 4 spell: Cause Fear
  8265 | D:12     | Learned a level 4 spell: Leda's Liquefaction
  8344 | D:11     | Noticed a white ugly thing
  8389 | D:11     | Noticed a white ugly thing
  8413 | D:11     | Killed a white ugly thing
  8436 | D:11     | Found a glowing golden altar of the Shining One.
  8749 | D:10     | Entered Level 10 of the Dungeon
  8749 | D:10     | Noticed Sonja
  8755 | D:10     | Killed Sonja
  8755 | D:10     | Reached XP level 10. HP: 32/39 MP: 16/20
  8863 | D:10     | Identified the ring of the Skies Above {Str+5 Stlth+} (You
                  | acquired it on level 10 of the Dungeon)
  8970 | D:10     | Reached skill level 13 in Stealth
  9076 | D:9      | Identified the amulet "Xihotru" {Faith rN+ Dex+4} (You
                  | acquired it on level 9 of the Dungeon)
  9085 | D:9      | Reached *** piety under Dithmenos
  9187 | D:9      | Identified Sif Muna's Compendium of Venomous Ice (You
                  | acquired it on level 9 of the Dungeon)
  9192 | D:9      | Learned a level 2 spell: Slow
 10124 | D:11     | Noticed a cyclops
 10172 | D:11     | Killed a cyclops
 10200 | D:11     | Reached skill level 14 in Stealth
 10274 | D:11     | Found a staircase to the Lair.
 10464 | D:11     | Noticed a two-headed hydra
 10472 | D:11     | Killed a two-headed hydra
 10472 | D:11     | Reached skill level 10 in Hexes
 10472 | D:11     | Reached skill level 5 in Ice Magic
 10510 | D:11     | Killed a white ugly thing
 10510 | D:11     | Reached XP level 11. HP: 15/42 MP: 3/22
 10798 | D:11     | Noticed a death knight
 10805 | D:11     | Killed a death knight
 11010 | D:11     | Reached **** piety under Dithmenos
 11030 | Lair:1   | Entered Level 1 of the Lair of Beasts
 11113 | D:11     | Reached skill level 15 in Stealth
 11323 | Lair:1   | Noticed a six-headed hydra
 11367 | Lair:1   | HP: 1/42 [six-headed hydra (11)]
 11670 | Lair:1   | Killed a six-headed hydra
 11944 | Lair:1   | Noticed a five-headed hydra
 11959 | Lair:1   | Killed a five-headed hydra
 12703 | Lair:2   | Learned a level 4 spell: Ice Form
 12724 | Lair:2   | Found a staircase to the Shoals.
 13268 | Lair:3   | Noticed an eight-headed hydra
 13272 | Lair:3   | Killed an eight-headed hydra
 13332 | Lair:3   | Reached skill level 16 in Stealth
 13553 | Lair:3   | Gained mutation: Your thick and shaggy fur keeps you warm.
                  | (AC +3, rC+) [Felid growth]
 13553 | Lair:3   | Reached XP level 12. HP: 46/46 MP: 19/24
 13582 | Lair:3   | Found a hole to the Spider Nest.
 14081 | Lair:3   | Noticed a seven-headed hydra
 14113 | Lair:3   | Killed a seven-headed hydra
 14150 | Lair:3   | Reached skill level 17 in Stealth
 14229 | Lair:3   | Reached ***** piety under Dithmenos
 15956 | Lair:5   | Noticed an eight-headed hydra
 15959 | Lair:5   | Killed an eight-headed hydra
 15973 | Lair:5   | Noticed a six-headed hydra
 15981 | Lair:5   | Killed a six-headed hydra
 16198 | Lair:6   | Entered Level 6 of the Lair of Beasts
 16224 | Lair:6   | Reached XP level 13. HP: 49/49 MP: 27/27
 16229 | Lair:6   | Reached skill level 18 in Stealth
 16812 | Lair:6   | Reached skill level 10 in Unarmed Combat
 16936 | Lair:6   | Found a staircase to the Slime Pits.
 17505 | Lair:6   | HP: 2/49 [catoblepas/blast of calcifying dust (3)]
 17506 | Lair:6   | Killed from afar by a catoblepas
 17507 | Lair:6   | Reached XP level 12. HP: -1/46 MP: 0/26
 17675 | D:12     | Found a basalt altar of Yredelemnul.
 17815 | D:12     | Reached skill level 19 in Stealth
 18097 | D:12     | Noticed a five-headed hydra
 18104 | D:12     | Killed a five-headed hydra
 18230 | D:12     | Found a staircase to the Orcish Mines.
 18604 | D:13     | Reached ****** piety under Dithmenos
 18687 | D:13     | Noticed a centaur warrior
 18714 | D:13     | Killed a centaur warrior
 18843 | D:13     | Found Gekhugroa's Assorted Antiques.
 18853 | D:13     | Bought a leatherbound book for 330 gold pieces
 18859 | D:13     | Learned a level 5 spell: Summon Mana Viper
 19106 | D:13     | Reached XP level 13. HP: 49/49 MP: 16/27
 19664 | D:14     | Reached skill level 10 in Spellcasting
 19687 | D:14     | Learned a level 4 spell: Summon Ice Beast
 20056 | D:13     | Reached skill level 1 in Summonings
 21275 | D:14     | Identified the ring "Roucs" {rF+ rN+ MR+ Int+2} (You
                  | acquired it on level 14 of the Dungeon)
 21330 | D:14     | Noticed Josephine
 21434 | D:14     | Killed Josephine
 21480 | D:14     | Learned a level 2 spell: Slow
 22014 | D:14     | Found a gate to the Vaults.
 22144 | D:15     | Entered Level 15 of the Dungeon
 22553 | D:15     | HP: 2/51 [cyclops/large rock (20)]
 23376 | D:14     | Learned a level 6 spell: Darkness
 23601 | D:15     | Reached skill level 20 in Stealth
 23744 | D:15     | Noticed Jorgrun
 23762 | D:15     | Killed Jorgrun
 24095 | D:15     | Reached XP level 14. HP: 54/54 MP: 26/29
 24719 | D:15     | Found a staircase to the Depths.
 24885 | Orc:1    | Entered Level 1 of the Orcish Mines
 25077 | Orc:2    | Entered Level 2 of the Orcish Mines
 25151 | Orc:2    | Noticed Nessos
 25370 | Orc:2    | Killed Nessos
 25591 | Orc:2    | Noticed Saint Roka
 26062 | Orc:2    | HP: 1/54 [warg[Saint Roka] (6)]
 26062 | Orc:2    | Killed from afar by Saint Roka
 26063 | Orc:2    | Reached XP level 13. HP: -9/51 MP: 0/29
 26417 | Orc:1    | Killed Saint Roka
 26561 | Orc:2    | Found Weck's Magic Scroll Boutique.
 26861 | Orc:2    | Found a staircase to the Elven Halls.
 26886 | Orc:2    | Found Ebaff's General Store.
 28627 | Orc:2    | Reached XP level 14. HP: 42/54 MP: 22/30
 28932 | Orc:2    | Found Radan's Book Emporium.
 28932 | Orc:2    | Found a one-way gate leading to the halls of Pandemonium.
 28932 | Orc:2    | Found Poeclala's Antique Armour Shoppe.
 28938 | Orc:2    | Paralysed by an orc sorcerer for 2 turns
 29173 | Orc:2    | Bought a book of Burglary for 825 gold pieces
 29203 | Orc:2    | Bought 2 potions of heal wounds for 180 gold pieces
 29203 | Orc:2    | Bought a scroll of vulnerability for 135 gold pieces
 29205 | Orc:2    | Bought a scroll of blinking for 82 gold pieces
 29499 | Spider:1 | Entered Level 1 of the Spider Nest
 29569 | Spider:1 | Noticed a ghost moth
 29577 | Spider:1 | Killed a ghost moth
 29577 | Spider:1 | Reached skill level 15 in Hexes
 29621 | Spider:1 | Found a frozen archway.
 30058 | Spider:2 | Reached skill level 21 in Stealth
 30117 | Spider:2 | Noticed Kirke
 30120 | Spider:2 | Killed Kirke
 30338 | Spider:2 | Noticed an entropy weaver
 30354 | Spider:2 | Killed an entropy weaver
 31268 | Spider:3 | Noticed an emperor scorpion
 31622 | Spider:3 | Noticed an entropy weaver
 31777 | Spider:3 | HP: 2/54 [entropy weaver (8)]
 31777 | Spider:3 | Demolished by an emperor scorpion

Levels and vault maps discovered:
D:1:      eino_arrival_cavern_a, layout_basic
D:2:      layout_loops_ring, first_ration, kennysheep_nub
D:3:      layout_basic, portal_sewer_entry_f, grunt_ministairs_15,
          nicolae_qazlal_general_emergency, uniq_robin
D:4:      layout_gridville, chequers_temple_overflow_statue_of_worship,
          ebering_ghost_rock_garden, uniq_sigmund
D:5:      layout_rooms
D:6:      cheibrodos_barr_body, layout_cave_pools, serial_column_ruins,
          column_ruins_grid_1, column_ruins_columns_water,
          column_ruins_open_tiny, column_ruins_open_medium,
          column_ruins_corridor_straight, column_ruins_corridor_corner,
          column_ruins_corridor_dead_end, serial_shops, nicolae_shop_stone
D:7:      layout_basic, minmay_temple_entry_mini_moons
D:8:      layout_loops_ring, amethyst_overflow_temple_binary, serial_shops,
          kennysheep_mini_moat, kennysheep_generic_room_4
D:9:      lemuel_flame_loot_2, layout_irregular_city
D:10:     layout_irregular_city, uniq_sonja
D:11:     layout_roguey, erik_lair_island, hangedman_ranch
          [blue_anna_fruit_fields], nicolae_tso_carved_into_rock
D:12:     layout_basic, hiddenorc1_lemuel, basic_altar
D:13:     layout_basic, serial_shops, nicolae_shop_stone,
          kennysheep_generic_room_13
D:14:     layout_loops_ring, hangedman_vaults_entry_quadrant_bands,
          minmay_misc_feat_secret_circle, minmay_holes, water_maze_lemuel,
          uniq_josephine
D:15:     hangedman_depths_entry_try_elsewhere_first, layout_long_grid,
          gauntlet_entry_generic, minmay_misc_feat_square, uniq_jorgrun
Temple:   dpeg_five_rooms_temple
Lair:1:   layout_small_grid, infiniplex_staircase_pool
Lair:2:   layout_roguey, elwin_shoals_entry_rocks, grunt_megastairs_5
Lair:3:   wad_woods_structure_01, layout_gridlike,
          nicolae_spider_entry_non_spiders
Lair:4:   layout_concentric_octagons, serial_bayou_shore_b
Lair:5:   layout_roguey
Lair:6:   grunt_lair_end_beastmaster, layout_gridlike,
          minmay_slime_entry_pillars, lemuel_fruit_fields
Spider:1: layout_spider_delve, portal_ice_cave_entry_pillars_three
Spider:2: layout_chambers, uniq_kirke
Spider:3: layout_spider_delve, nicolae_spider_nook
Orc:1:    layout_caves, mines_bat_river
Orc:2:    pf_orc_diabolical, layout_caves, uniq_nessos, uniq_saint_roka

Skill      XL: |  1  2  3  4  5  6  7  8  9 10 11 12 13 14 |
---------------+-------------------------------------------+-----
Dodging        | 3 4 5 6 7 |  7.8
Hexes          | 5 6 7 8 9 10 11 13 15 | 15.2
Stealth        | 5 6 7 8 10 12 14 16 19 20 21 | 21.7
Ice Magic      | 1 2 4 5 6 8 |  8.4
Unarmed Combat | 3 4 5 7 8 9 11 12 | 12.2
Spellcasting   | 3 6 5 7 9 10 11 | 11.6
Fighting       | 1 2 |  2.7
Summonings     | 1 2 |  2.6
Invocations    | |  0.4

Action                   |  1- 3 |  4- 6 |  7- 9 | 10-12 | 13-15 || total
-------------------------+-------+-------+-------+-------+-------++-------
Melee: Unarmed           |   121 |   175 |   328 |   444 |   545 ||  1613
       Bite              |    10 |    14 |    34 |    33 |    41 ||   132
       Punch             |     1 |     2 |     4 |     8 |    16 ||    31
 Cast: Corona            |     5 |     3 |     2 |       |       ||    10
       Ensorcelled Hiber |    13 |    42 |    91 |   151 |   293 ||   590
       Confusing Touch   |     1 |     2 |    11 |     6 |    11 ||    31
       Tukima's Dance    |       |       |    17 |    11 |     9 ||    37
       Leda's Liquefacti |       |       |       |     2 |     2 ||     4
       Slow              |       |       |       |     1 |     1 ||     2
       Cause Fear        |       |       |       |     2 |     2 ||     4
       Summon Mana Viper |       |       |       |     2 |    55 ||    57
       Summon Ice Beast  |       |       |       |       |     4 ||     4
       Darkness          |       |       |       |       |     4 ||     4
Invok: Shadow Step       |       |       |       |       |     1 ||     1
Evoke: Wand              |       |       |     1 |     1 |       ||     2
  Use: Scroll            |     5 |     1 |    13 |    21 |    17 ||    57
       Potion            |       |       |       |     4 |     5 ||     9
 Stab: Sleeping          |    14 |    38 |    69 |   179 |   242 ||   542
       Confused          |     2 |     2 |     9 |     7 |     5 ||    25
       Distracted        |       |       |     3 |     2 |    10 ||    15
       Invisible         |       |       |       |       |     1 ||     1
  Eat: Chunk             |       |     9 |    10 |    12 |    27 ||    58
       Ration            |       |       |     1 |     1 |     5 ||     7
Armor: Skin              |     5 |     4 |    12 |     7 |    14 ||    42
Dodge: Dodged            |   116 |   176 |   294 |   378 |   691 ||  1655

Table legend:
 A = Non-vault XP
 B = Vault XP
 C = Vault XP percentage of total XP
 D = Non-vault monster count
 E = Vault monster count
 F = Vault count percentage of total count
                 A         B        C        D         E       F
            +---------+---------+-------+---------+---------+-------
      Total |   97375 |   46199 |  32.2 |     578 |     209 |  26.6
            +---------+---------+-------+---------+---------+-------
        D:1 |      35 |       0 |   0.0 |      18 |       0 |   0.0
        D:2 |     116 |       0 |   0.0 |      23 |       0 |   0.0
        D:3 |      68 |      50 |  42.4 |      26 |      19 |  42.2
        D:4 |     564 |     231 |  29.1 |      12 |       1 |   7.7
        D:5 |     764 |       0 |   0.0 |      19 |       0 |   0.0
        D:6 |      13 |     431 |  97.1 |       1 |      11 |  91.7
        D:7 |    1272 |       0 |   0.0 |      26 |       0 |   0.0
        D:8 |    2806 |       0 |   0.0 |      39 |       0 |   0.0
        D:9 |     759 |       0 |   0.0 |      16 |       0 |   0.0
       D:10 |    1363 |     782 |  36.5 |      31 |       1 |   3.1
       D:11 |    3715 |    2801 |  43.0 |      25 |      14 |  35.9
       D:12 |    4208 |     376 |   8.2 |      25 |      18 |  41.9
       D:13 |    7481 |    2221 |  22.9 |      42 |       5 |  10.6
       D:14 |   10894 |    5039 |  31.6 |      39 |      22 |  36.1
       D:15 |   11476 |    4095 |  26.3 |      32 |       5 |  13.5
     Lair:1 |    2947 |       0 |   0.0 |       8 |       0 |   0.0
     Lair:2 |    1018 |     485 |  32.3 |       6 |       2 |  25.0
     Lair:3 |    8530 |    2678 |  23.9 |      32 |      14 |  30.4
     Lair:4 |    1722 |       0 |   0.0 |       7 |       0 |   0.0
     Lair:5 |    7750 |     249 |   3.1 |      26 |       1 |   3.7
     Lair:6 |    7842 |    3224 |  29.1 |      23 |      13 |  36.1
   Spider:1 |    4062 |       0 |   0.0 |      10 |       0 |   0.0
   Spider:2 |   12603 |    2142 |  14.5 |      41 |       1 |   2.4
   Spider:3 |    2734 |       0 |   0.0 |       7 |       0 |   0.0
      Orc:1 |     941 |    5324 |  85.0 |       8 |       9 |  52.9
      Orc:2 |    1692 |   16071 |  90.5 |      36 |      73 |  67.0
            +---------+---------+-------+---------+---------+-------
